 Dungeon Crawl Stone Soup version 0.27-a0-1555-g0e7b3fb1d2 (webtiles) character file.

Game seed: 12737136920322504650

83 Spaninq the Magician (level 4, -1/31 HPs)
             Began as a Djinni Hedge Wizard on July 14, 2021.
             Killed from afar by Sigmund (5 damage)
             ... with a magic dart
             ... on level 3 of the Dungeon.
             The game lasted 00:11:32 (3378 turns).

Spaninq the Magician (Djinni Hedge Wizard)          Turns: 3378, Time: 00:11:33

Health: -1/31      AC:  3    Str:  9    XL:     4   Next: 71%
Gold:   123        EV: 12    Int: 17    God:
                   SH:  0    Dex: 18

rFire    + + .     SeeInvis .   a - +0 dagger
rCold    x . .     Faith    .   (no shield)
rNeg     . . .     Spirit   .   b - +0 robe
rPois    ∞         Reflect  .   h - +0 helmet
rElec    .         Harm     .   (no cloak)
rCorr    .         Rampage  .   (no gloves)
Will     .....                  (boots unavailable)
Stlth    ++........             (no amulet)
HPRegen  0.10/turn              j - +6 ring of dexterity
MPRegen  0.00/turn              (no ring)

@: flying
A: sickness immunity, fire resistance 2, cold vulnerability 1, float, innate
caster, hp casting, extra vitality 1
a: no special abilities


You were on level 3 of the Dungeon.
You visited 1 branch of the dungeon, and saw 3 of its levels.

You collected 123 gold pieces.

Inventory:

Hand Weapons
 a - a +0 dagger (weapon)
Armour
 b - a +0 robe (worn)
 c - a +0 hat
 h - a +0 helmet (worn)
 r - a +0 ring mail
Jewellery
 j - a +6 ring of dexterity (left hand)
 l - a ring of magical power
Scrolls
 d - 2 scrolls of immolation {unknown}
 g - a scroll of fear {unknown}
 i - a scroll of teleportation {unknown}
 k - a scroll of magic mapping {unknown}
 m - a scroll of amnesia {unknown}
 p - a scroll of blinking {unknown}
 q - 2 scrolls of identify {unknown}
Potions
 e - a potion of haste {unknown}
 f - 4 potions of curing {unknown}
 n - 3 potions of resistance {unknown}
 o - a potion of degeneration {unknown}


   Skills:
 - Level 2.1 Dodging
 - Level 1.5 Stealth
 + Level 4.0 Spellcasting


You couldn't memorise any spells.
You knew the following spells:

 Your Spells              Type           Power      Damage    Failure   Level
a - Magic Dart            Conj           68%        1d6       3%          1
b - Blink                 Tloc           N/A        N/A       4%          2
c - Call Imp              Summ           17%        N/A       4%          2
d - Slow                  Hex            17%        N/A       4%          2
e - Conjure Flame         Conj/Fire      17%        6-21      9%          3
f - Mephitic Cloud        Conj/Pois/Air  17%        N/A       9%          3
g - Shock                 Conj/Air       68%        1d7       3%          1
Your spell library was empty.

Dungeon Overview and Level Annotations

Branches:
Dungeon (3/15)

Altars:
Dithmenos

Annotations:
D:3 Sigmund


Innate Abilities, Weirdness & Mutations

You are immune to sickness and miasma.
You are immune to poison.
Your flesh is very heat resistant. (rF++)
You are vulnerable to cold. (rC-)
You float through the air rather than walking.
You learn spells naturally, not from books.
Your magical power is your life essence.
You have superior vitality. (+4 HP)


Message History

Aim: Sigmund, wielding a +0 scythe and wearing a +0 robe (heavily wounded, confused, slow, ally target, 100% to hit)
The magic dart hits Sigmund but does no damage.
Sigmund is heavily wounded.
Casting: Magic Dart (safe; 3% risk of failure)
Confirm with . or Enter, or press ? or * to list all spells.
A beastly little devil appears in a puff of frigid air.
Your crimson imp hits Sigmund but does no damage.
Sigmund hits your crimson imp with a +0 scythe.
Casting: Call Imp (safe; 4% risk of failure)
Confirm with . or Enter, or press ? or * to list all spells.
You miscast Call Imp.
You are very lightly contaminated with residual magic.
Nothing appears to happen.
Your crimson imp hits Sigmund.
Casting: Call Imp (safe; 4% risk of failure)
Confirm with . or Enter, or press ? or * to list all spells.
A beastly little devil appears in a puff of frigid air.
Your crimson imp hits Sigmund.
Sigmund seems less confused.
Your crimson imp barely misses Sigmund.
Your white imp misses Sigmund.
Your crimson imp closely misses Sigmund.
Sigmund casts a spell.
Sigmund flickers and vanishes!
Deactivating autopickup; reactivate with Ctrl-A.
Your magical contamination has completely faded away.
There is an escape hatch in the ceiling here.
Something barely misses your white imp.
Something closely misses your white imp.
Your crimson imp disappears in a puff of smoke!
Your white imp disappears in a puff of smoke!
Something hits you!
* * * LOW HITPOINT WARNING * * *
A magic dart appears from out of thin air!
The magic dart hits your white imp!
Casting: Call Imp (safe; 4% risk of failure)
Confirm with . or Enter, or press ? or * to list all spells.
You don't have enough health to cast this spell.
Unknown command.
A magic dart appears from out of thin air!
The magic dart hits you.
You die...

######## ###.......
#.........
###########.........
#......{....<.......
###.....####.........
#...@.5....#.........
###.###..............
#. ###............ ##
.....#..........
#######.........
##########
#####..##..'..
#......†...#))
#..........##5


You could see a friendly white imp (summoned).

Vanquished Creatures
  3 adders
  A dart slug (D:1)
  7 ball pythons
  4 endoplasms
  6 goblins
  6 hobgoblins
  5 jackals
  4 quokkas
  3 bats
  5 frilled lizards
  4 kobolds
  3 rats
51 creatures vanquished.

Vanquished Creatures (collateral kills)
  An endoplasm (D:2)
  A goblin (D:3)
2 creatures vanquished.

Grand Total: 53 creatures vanquished

Notes
Turn   | Place    | Note
-------+----------+-------------------------------------------
     0 | D:1      | Spaninq the Djinni Hedge Wizard began the quest for the
                  | Orb.
     0 | D:1      | Reached XP level 1. HP: 15/15 MP: 0/0
   435 | D:1      | Reached XP level 2. HP: 6/21 MP: 0/0
   844 | D:1      | Reached skill level 3 in Spellcasting
  1424 | D:2      | Reached XP level 3. HP: 20/25 MP: 0/0
  1424 | D:2      | Learned a level 1 spell: Shock
  1537 | D:2      | Found a faded altar of an unknown god.
  2585 | D:3      | Reached XP level 4. HP: 29/31 MP: 0/0
  2601 | D:3      | Found a shadowy altar of Dithmenos.
  3146 | D:3      | Reached skill level 4 in Spellcasting
  3340 | D:3      | Noticed Sigmund
  3378 | D:3      | Killed from afar by Sigmund

Illustrated notes

Levels and vault maps discovered:
D:1:      lightli_arrival_quake, layout_basic, kennysheep_boxes
D:2:      layout_basic, ebering_ecumenical_altar_sacrificial
D:3:      minmay_chambers_of_twos, layout_rooms, lemuel_round_altar,
          uniq_sigmund

Skill      XL: |  1  2  3  4 |
---------------+-------------+-----
Spellcasting   | 3 4 |  4.0
Dodging        | |  2.1
Stealth        | |  1.5

Action                   |  1- 3 |  4- 6 || total
-------------------------+-------+-------++-------
Melee: Dagger            |     2 |     1 ||     3
 Cast: Magic Dart        |    90 |    43 ||   133
       Call Imp          |     1 |    10 ||    11
       Slow              |       |     2 ||     2
       Mephitic Cloud    |       |     1 ||     1
 Stab: Sleeping          |     1 |       ||     1
Armor: Robe              |     2 |     2 ||     4
Dodge: Dodged            |     7 |     4 ||    11

Table legend: (Time is in decaauts)
 A = Elapsed time spent in this place.
 B = Non-inter-level travel time spent in this place.
 C = Inter-level travel time spent in this place.
 D = Time resting spent in this place.
 E = Time spent auto-exploring this place.
 F = Levels seen in this place.
 G = Mean time per level.
                   A        B        C        D        E       F      G
               +--------+--------+--------+--------+--------+-----+--------+
         Total |   3376 |   3362 |     14 |    913 |   2031 |   3 | 1125.3 |
       Dungeon |   3376 |   3362 |     14 |    913 |   2031 |   3 | 1125.3 |
               +--------+--------+--------+--------+--------+-----+--------+

Top non-repeatable levels by time:
     D:1: 1304 daAuts
     D:2: 1277 daAuts
     D:3: 795 daAuts
